[Event "Early-Titled-Tuesday-Blitz-February-27-2024"]
[Site "Chess.com"]
[Date "2024.02.27"]
[Round "8"]
[White "JaackCamel"]
[Black "picturesquecheck"]
[Result "1-0"]
[WhiteElo "2224"]
[BlackElo "2460"]
[TimeControl "180+1"]
[EndTime "9:26:11 PST"]
[Termination "JaackCamel won by resignation"]

1. d4 Nf6 2. c4 e6 3. Nc3 Bb4 4. Qc2 O-O 5. a3 Bxc3+ 6. Qxc3 d5 7. Nf3 dxc4 8. Qxc4 b6 9. e3 Bb7 10. Be2 Nbd7 11.
O-O c5 12. Rd1 Qc7 13. b4 Rac8 14. dxc5 bxc5 15. Bb2 cxb4 16. Qxb4 Nd5 17. Qg4 N7f6 18. Qh4 Nc3 19. Re1 Nxe2+ 20. Rxe2 Qc4 21. Bxf6 gxf6 22.
Nd4 Qd5 23. f4 e5 24. Nf5 h5 25. Qg3+ 1-0

[Event "Early-Titled-Tuesday-Blitz-February-27-2024"]
[Site "Chess.com"]
[Date "2024.02.27"]
[Round "8"]
[White "Rurep26"]
[Black "jamengrand"]
[Result "1-0"]
[WhiteElo "2712"]
[BlackElo "2411"]
[TimeControl "180+1"]
[EndTime "9:26:13 PST"]
[Termination "Rurep26 won on time"]

1. d4 d5 2. Bf4 Nf6 3. e3 g6 4. Nd2 Bg7 5. h4 h6 6. Ngf3 O-O 7. Bd3 c5 8. c3 Nc6 9. Ne5 Nxe5 10. Bxe5 e6 11.
g4 Nd7 12. Bxg7 Kxg7 13. f4 Qb6 14. Rb1 Qd6 15. Nf3 f6 16. g5 cxd4 17. gxh6+ Kxh6 18. cxd4 Rg8 19. Rg1 e5 20. fxe5 fxe5 21. Ng5 Qf6 22. Rf1 Qb6 23. Rf7 Nf8 24. Qf3 e4 25. Qf4 Qb4+ 26.
Kf1 1-0

[Event "Early-Titled-Tuesday-Blitz-February-27-2024"]
[Site "Chess.com"]
[Date "2024.02.27"]
[Round "8"]
[White "Aisen1011"]
[Black "BursaBBSatranc"]
[Result "0-1"]
[WhiteElo "2476"]
[BlackElo "2631"]
[TimeControl "180+1"]
[EndTime "9:26:14 PST"]
[Termination "BursaBBSatranc won by checkmate"]

1. d4 d5 2. c4 c6 3. Nc3 Nf6 4.
Nf3 a6 5. e3 b5 6. b3 Bg4 7. h3 Bxf3 8. Qxf3 e5 9. dxe5 Bb4 10. Bd2 Bxc3 11. Bxc3 Ne4 12. Bb4 bxc4 13. e6 Ra7 14. bxc4 Qb6 15. Rb1 a5 16. cxd5 cxd5 17. Qg4 axb4 18. Qxg7 Rf8 19. Bd3 fxe6 20. Bb5+ Qxb5 21.
Qxa7 Rxf2 22. Rc1 Qe2# 0-1

[Event "Early-Titled-Tuesday-Blitz-February-27-2024"]
[Site "Chess.com"]
[Date "2024.02.27"]
[Round "8"]
[White "Boorchess"]
[Black "urano56"]
[Result "1-0"]
[WhiteElo "2546"]
[BlackElo "2323"]
[TimeControl "180+1"]
[EndTime "9:26:14 PST"]
[Termination "Boorchess won by resignation"]

1. d4 Nf6 2. Nf3 e6 3. Bf4 c5 4. c3 Nc6 5. e3 d5 6. Nbd2 Bd6 7. Bg3 O-O 8. Bd3 Re8 9. O-O e5 10. dxe5 Nxe5 11. Nxe5 Bxe5 12. Qa4 Bxg3 13. hxg3 Be6 14. Rad1 Qb6 15. Qb3 c4 16. Qxb6 axb6 17. Bb1 Ra5 18.
Nf3 Rea8 19. Nd4 Kf8 20. f3 Re8 21. Kf2 Bd7 22. Rd2 Bc6 23. g4 Raa8 24. g5 Nd7 25. Rh1 g6 26. Rxh7 Kg8 27. Rh1 Nc5 28. f4 Re7 29. g4 Rae8 30. Rh3 Bd7 31. Rg3 Ra8 32. Nf3 Ne4+ 33. Bxe4 dxe4 34. Ne5 Bc6 35. a3 Ra5 36. Rh3 Rd5 37. Rxd5 Bxd5 38. Rh1 Be6 39. Rd1 Re8 40.
Rd4 Ra8 41. Rxe4 Ra5 42. Rd4 Rb5 43. Rd2 Rb3 44. e4 Kg7 45. Ke3 f6 46. gxf6+ Kxf6 47. g5+ Kg7 48. Kd4 b5 49. Rh2 b4 50. axb4 1-0

[Event "Early-Titled-Tuesday-Blitz-February-27-2024"]
[Site "Chess.com"]
[Date "2024.02.27"]
[Round "8"]
[White "ValentinDragnev"]
[Black "Honiex"]
[Result "1-0"]
[WhiteElo "2738"]
[BlackElo "2563"]
[TimeControl "180+1"]
[EndTime "9:26:21 PST"]
[Termination "ValentinDragnev won on time"]

1. e4 Nc6 2. Nc3 e5 3. Bc4 Nf6 4. d3 Bc5 5. Nf3 h6 6. a3 d6 7. Na4 Bb6 8. h3 O-O 9. c3 Be6 10. Bb5 Ne7 11. O-O Ng6 12. Re1 c6 13. Nxb6 axb6 14. Ba4 Nh5 15. Bc2 Nhf4 16. d4 Qf6 17. Be3 c5 18. Kh2 Rac8 19. Rc1 Rc7 20. d5 Bc8 21. Ng1 Nh4 22. g3 Nxh3 23. Nxh3 Nf3+ 24. Kg2 Nxe1+ 25. Qxe1 Bxh3+ 26. Kxh3 Qf3 27. Qd1 Qf6 28. Kg2 Qe7 29. Qh5 Rd7 30. Rh1 Qf6 31. Bd1 b5 32.
Bg4 Rdd8 33. Bf5 Ra8 34. g4 1-0

[Event "Early-Titled-Tuesday-Blitz-February-27-2024"]
[Site "Chess.com"]
[Date "2024.02.27"]
[Round "8"]
[White "maroro07"]
[Black "SaiAgni_98"]
[Result "0-1"]
[WhiteElo "2419"]
[BlackElo "2556"]
[TimeControl "180+1"]
[EndTime "9:26:22 PST"]
[Termination "SaiAgni_98 won by resignation"]

1. d4 d6 2. g3 Nf6 3. Bg2 Nbd7 4. Nf3 e5 5. dxe5 dxe5 6. O-O c6 7. Nc3 Bc5 8. e4 O-O 9. Bg5 h6 10. Be3 Qe7 11.
Qe2 Rd8 12. Nh4 Bxe3 13. fxe3 Nf8 14. Nf5 Bxf5 15. Rxf5 Rd6 16. Rd1 Rad8 17. Rff1 Ne6 18. Bh3 Ng5 19. Bf5 g6 20. h4 Ne6 21. Bh3 Nc5 22. Bg2 h5 23. Kh2 a5 24. Bf3 Kg7 25. Rg1 Qe6 26. b3 b5 27. Rxd6 Rxd6 28. Rd1 b4 29.
Rxd6 Qxd6 30. Nb1 Ncxe4 31. Qg2 Nc3 32. Nxc3 bxc3 33. Bxc6 Ng4+ 34. Kh3 Qe6 35. Bd5 Qd7 36. Bc6 Nf2+ 37. Kh2 Ng4+ 38. Kg1 Qd1+ 39. Qf1 Qd2 40. Bg2 Nxe3 41. Qf3 Qc1+ 42. Kh2 Ng4+ 43. Kh3 Qg1 0-1

[Event "Early-Titled-Tuesday-Blitz-February-27-2024"]
[Site "Chess.com"]
[Date "2024.02.27"]
[Round "8"]
[White "Pachonpower"]
[Black "NaciSAN"]
[Result "1-0"]
[WhiteElo "2300"]
[BlackElo "2126"]
[TimeControl "180+1"]
[EndTime "9:26:22 PST"]
[Termination "Pachonpower won on time"]

1. d4 Nf6 2. Nf3 d5 3. Nbd2 c5 4. e3 Nc6 5. c3 Bg4 6. Be2 e6 7. O-O Bd6 8. Re1 O-O 9. h3 Bh5 10. b3 Rc8 11. Bb2 Re8 12. c4 h6 13. Ne5 Bxe2 14.
Qxe2 cxd4 15. exd4 Bxe5 16. dxe5 Nd7 17. Rad1 Nb6 18.
cxd5 Nxd5 19. Ne4 Rc7 20. Nd6 Rf8 21. Qf3 Rd7 22. Re2 Rxd6 23. exd6 Qxd6 24. Red2 Rd8 25.
Qg4 Qf8 26. Qg3 a6 27. Re1 Nce7 28. Re5 Ng6 29. Ree2 Nge7 30. h4 Nf5 31. Qg4 Rc8 32.
Rxd5 h5 33. Qf4 exd5 34. Qxf5 1-0

[Event "Early-Titled-Tuesday-Blitz-February-27-2024"]
[Site "Chess.com"]
[Date "2024.02.27"]
[Round "8"]
[White "SahibSinghKnight"]
[Black "carlocapau"]
[Result "0-1"]
[WhiteElo "2560"]
[BlackElo "2488"]
[TimeControl "180+1"]
[EndTime "9:26:24 PST"]
[Termination "carlocapau won on time"]

1. e4 c5 2. Nf3 d6 3. d4 cxd4 4. Nxd4 Nf6 5. Nc3 a6 6. Be3 e5 7. Nf3 Qc7 8. a4 h6 9. a5 Be6 10. Nd5 Nxd5 11. exd5 Bf5 12. c4 Nd7 13. b4 g5 14. Nd2 Bg7 15. h4 g4 16. h5 e4 17.
Rb1 Ne5 18. Qb3 O-O 19. g3 Rae8 20. Be2 Nf3+ 21. Kd1 Nd4 22. Qa2 Rc8 23. Rc1 Nf3 24. Nb3 Qe7 25. Rc2 Bh7 26. Qb1 f5 27. Qc1 Ne5 28. Nd4 Nd3 29. Bxd3 exd3 30. Rd2 Bxd4 31. Bxd4 Qe4 0-1

[Event "Early-Titled-Tuesday-Blitz-February-27-2024"]
[Site "Chess.com"]
[Date "2024.02.27"]
[Round "8"]
[White "PolandHussars"]
[Black "JoliyRoger"]
[Result "1-0"]
[WhiteElo "2568"]
[BlackElo "2425"]
[TimeControl "180+1"]
[EndTime "9:26:24 PST"]
[Termination "PolandHussars won on time"]

1. e4 c6 2. Nc3 d5 3. Nf3 Nf6 4. e5 Ne4 5. d4 Nxc3 6. bxc3 Bf5 7. Bd3 Bxd3 8. cxd3 e6 9. O-O Be7 10. Qb3 b6 11. a4 O-O 12. Be3 Nd7 13. Nd2 Qc7 14.
f4 f5 15. exf6 Nxf6 16. Nf3 Bd6 17. Ne5 c5 18. Rae1 Rac8 19. h3 c4 20. dxc4 dxc4 21. Qc2 Nd5 22. Bc1 a6 23. g3 b5 24. axb5 axb5 25. Nf3 g6 26. Rxe6 b4 27. Ng5 Nxc3 28.
Rfe1 Qg7 29. Rxd6 Nb5 30. Ne6 Qa7 31. Rd5 b3 32. Qf2 c3 33. Rxb5 b2 34. Nxf8 1-0

[Event "Early-Titled-Tuesday-Blitz-February-27-2024"]
[Site "Chess.com"]
[Date "2024.02.27"]
[Round "8"]
[White "KorolDimitriy75"]
[Black "IngOscarArdila"]
[Result "1-0"]
[WhiteElo "2411"]
[BlackElo "2282"]
[TimeControl "180+1"]
[EndTime "9:26:26 PST"]
[Termination "KorolDimitriy75 won by resignation"]

1. d4 Nf6 2. c4 e6 3. Nc3 Bb4 4. Qc2 O-O 5. e4 d6 6. e5 dxe5 7. dxe5 Nfd7 8. Nf3 Nc6 9. Bf4 Qe7 10. Bd3 h6 11.
O-O Rd8 12. a3 Bxc3 13. Qxc3 Nc5 14. Bc2 a5 15. b4 Nd7 16. c5 Nf8 17. Rad1 Bd7 18.
Rfe1 axb4 19. axb4 b6 20. Be3 bxc5 21. Bxc5 Qe8 22. Qe3 Ra2 23. Qe4 g6 24. Bb1 Ra4 25. Qh4 Rc8 26. Qxh6 Nxb4 27. Ng5 Nd5 28. Bxf8 1-0

[Event "Early-Titled-Tuesday-Blitz-February-27-2024"]
[Site "Chess.com"]
[Date "2024.02.27"]
[Round "8"]
[White "karinachess1"]
[Black "davigator"]
[Result "1-0"]
[WhiteElo "2610"]
[BlackElo "2399"]
[TimeControl "180+1"]
[EndTime "9:26:28 PST"]
[Termination "karinachess1 won by resignation"]

1. d4 Nf6 2. c3 d5 3. Nf3 c6 4. Bf4 Bf5 5. e3 e6 6. Bd3 Bg6 7. Ne5 Nfd7 8. Nxg6 hxg6 9. Qg4 Nf6 10.
Qe2 Bd6 11. Nd2 Qc7 12. Bxd6 Qxd6 13. h3 Nbd7 14. c4 e5 15. cxd5 cxd5 16. dxe5 Nxe5 17. Bb5+ Ke7 18. f4 Nc6 19. O-O a6 20. Bxc6 bxc6 21.
Rac1 Rhe8 22. Nb3 Kf8 23. Qd3 a5 24. Rc2 a4 25. Nc5 Ne4 26. Rfc1 Nxc5 27. Rxc5 Qf6 28. Qa3 Re6 29. Rxc6+ Kg8 30. Rc8+ Re8 31. Rxa8 Rxa8 32. Qc3 Qf5 33. Qd4 a3 34. b4 g5 35. b5 gxf4 36. exf4 Re8 37. b6 Re4 38. Qc5 Re2 39.
Qc8+ Qxc8 40. Rxc8+ Kh7 41. b7 Rxa2 42. b8=Q Ra1+ 43. Kh2 a2 44. Rh8+ Kg6 45. Qb2 1-0

[Event "Early-Titled-Tuesday-Blitz-February-27-2024"]
[Site "Chess.com"]
[Date "2024.02.27"]
[Round "8"]
[White "Kopytkin"]
[Black "bulletteemo"]
[Result "0-1"]
[WhiteElo "2459"]
[BlackElo "2566"]
[TimeControl "180+1"]
[EndTime "9:26:30 PST"]
[Termination "bulletteemo won on time"]

1. e4 c5 2. c3 Nf6 3. e5 Nd5 4. Nf3 Nc6 5. Bc4 Nb6 6. Bb3 d5 7.
exd6 Qxd6 8. O-O c4 9. Bc2 Bg4 10. h3 Bh5 11. b3 Ne5 12. g4 Bg6 13. Ba3 Bxc2 14. Bxd6 Bxd1 15. Nxe5 exd6 16. Nxc4 Nxc4 17. bxc4 Bf3 18. Re1+ Kd7 19. Re3 Bc6 20. d4 d5 21.
Nd2 Bd6 22. cxd5 Bxd5 23. c4 Bc6 24. d5 Ba4 25. Ne4 Rac8 26. Nxd6 Kxd6 27. Re4 Bd7 28. Rae1 Rhe8 29. f3 Rxe4 30. Rxe4 Re8 31. Kf2 Rxe4 32.
fxe4 Kc5 33. Ke3 Kxc4 34. d6 f6 35. g5 Kc5 36. h4 Kxd6 37. h5 fxg5 38. h6 gxh6 39. e5+ Kxe5 0-1

[Event "Early-Titled-Tuesday-Blitz-February-27-2024"]
[Site "Chess.com"]
[Date "2024.02.27"]
[Round "8"]
[White "Kostukov_Alex"]
[Black "ajedrezsinlimites"]
[Result "0-1"]
[WhiteElo "2370"]
[BlackElo "2563"]
[TimeControl "180+1"]
[EndTime "9:26:30 PST"]
[Termination "ajedrezsinlimites won by resignation"]

1. g3 d5 2. Bg2 Nf6 3. d3 e6 4. e4 b6 5. e5 Nfd7 6. Nf3 c5 7. O-O Bb7 8. c4 d4 9. Bf4 Nc6 10. h4 h6 11. Qe2 Be7 12. h5 g5 13.
hxg6 fxg6 14. g4 a6 15. Nbd2 g5 16. Bg3 Nf8 17. Ne4 Qd7 18. Nf6+ Bxf6 19. exf6 Ng6 20.
Ne5 Ncxe5 21. Bxe5 Bxg2 22. Kxg2 Qc6+ 23. Kg3 O-O 24. Rae1 Rf7 25. f4 gxf4+ 26. Bxf4 Rxf6 27. Bxh6 e5 28. g5 Rxf1 29. Rxf1 Re8 30. Rf6 Nf4 31.
Rxc6 Nxe2+ 32. Kg4 e4 33. dxe4 d3 34. Kf5 Nd4+ 35. Kg4 Nxc6 0-1

[Event "Early-Titled-Tuesday-Blitz-February-27-2024"]
[Site "Chess.com"]
[Date "2024.02.27"]
[Round "8"]
[White "Matols"]
[Black "ATM622"]
[Result "1-0"]
[WhiteElo "2414"]
[BlackElo "2524"]
[TimeControl "180+1"]
[EndTime "9:26:31 PST"]
[Termination "Matols won by checkmate"]

1. d4 Nf6 2. c4 e6 3. g3 d5 4.
Nf3 dxc4 5. Bg2 Bd7 6. Ne5 Bc6 7. Nxc6 Nxc6 8. e3 Qd7 9. O-O O-O-O 10. Nd2 h5 11. Nxc4 h4 12. Qa4 Nd5 13. b4 hxg3 14. hxg3 Bxb4 15. Rb1 Nc3 16. Bxc6 Qxc6 17. Qxc6 bxc6 18.
Rxb4 Rd5 19. Bd2 Rdh5 20. Kg2 Ne4 21. Rfb1 Kd7 22. Ne5+ Ke7 23. Nf3 Rf5 24. R4b2 Rh6 25. Bb4+ Kf6 26. Ne5 Rfh5 27. Ng4+ Kg5 28. Nxh6 Rxh6 29.
Rh1 Rg6 30. Be7+ Kf5 31. Rh5+ Kg4 32. Rh4+ Kf5 33. Rf4# 1-0

[Event "Early-Titled-Tuesday-Blitz-February-27-2024"]
[Site "Chess.com"]
[Date "2024.02.27"]
[Round "8"]
[White "ChessSwole"]
[Black "andrzej"]
[Result "1-0"]
[WhiteElo "2693"]
[BlackElo "2506"]
[TimeControl "180+1"]
[EndTime "9:26:33 PST"]
[Termination "ChessSwole won by checkmate"]

1. e4 e5 2. Nc3 Nf6 3. Bc4 Nc6 4. d3 Bb4 5. Ne2 d5 6. exd5 Nxd5 7. O-O Be6 8. Bxd5 Bxd5 9. f4 O-O 10. f5 f6 11. Be3 Bf7 12. Ng3 Qe7 13. Qg4 Nd4 14. Bxd4 exd4 15. Nce4 Kh8 16. a3 Ba5 17. b4 Bb6 18.
Rae1 Qd7 19. Ne2 a5 20. Nf4 axb4 21. axb4 Ra2 22. Re2 Re8 23. Rfe1 c6 24. Qh3 Kg8 25. Nh5 Bxh5 26. Qxh5 Rf8 27. Nxf6+ Rxf6 28. Re8+ Rf8 29.
R1e7 Ra1+ 30. Kf2 Ra8 31. Qf7+ Kh8 32. Qxf8# 1-0

[Event "Early-Titled-Tuesday-Blitz-February-27-2024"]
[Site "Chess.com"]
[Date "2024.02.27"]
[Round "8"]
[White "Maikrosoft63"]
[Black "GMAkobianSTL"]
[Result "0-1"]
[WhiteElo "2614"]
[BlackElo "2827"]
[TimeControl "180+1"]
[EndTime "9:26:34 PST"]
[Termination "GMAkobianSTL won by resignation"]

1. e4 d6 2. d4 Nf6 3. Nc3 c6 4. a4 Qc7 5. g3 e5 6. Nge2 Be7 7.
Bg2 h5 8. h3 Nbd7 9. O-O b6 10.
Be3 a6 11. Qd2 Bb7 12. Rad1 b5 13. Rfe1 O-O 14. f4 Rad8 15. Kh2 Rfe8 16. Bf3 Bf8 17. Qc1 b4 18. Na2 exd4 19. Nxd4 c5 20. Nf5 Bxe4 21. Bxe4 Rxe4 22. Bf2 Rde8 23. Qd2 d5 24. Nc1 g6 25.
Nh4 Rxe1 26. Rxe1 Rxe1 27. Qxe1 Ne4 28. Nf3 Bg7 29. b3 a5 30. Qe2 Qc6 31. Bg1 Bf6 32.
Nd2 Nxd2 33. Qxd2 Qe6 34. Qe2 Qxe2+ 35. Nxe2 Kf8 36. g4 hxg4 37. hxg4 Ke7 38. Kg2 Kd6 39.
Kf3 Bg7 40. f5 gxf5 41. gxf5 Be5 42. Kg4 Nf6+ 43. Kg5 Ne4+ 44. Kh6 Ke7 45. Nc1 Kf6 46.
Nd3 Bd6 47. Be3 Kxf5 48. Kg7 Ke6 49. Bf4 c4 50. Bxd6 cxd3 0-1

[Event "Early-Titled-Tuesday-Blitz-February-27-2024"]
[Site "Chess.com"]
[Date "2024.02.27"]
[Round "8"]
[White "vugarrasulov"]
[Black "Zohid6"]
[Result "0-1"]
[WhiteElo "2996"]
[BlackElo "2873"]
[TimeControl "180+1"]
[EndTime "9:26:37 PST"]
[Termination "Zohid6 won on time"]

1. d4 e6 2. Nf3 Nf6 3. g3 c5 4. Bg2 cxd4 5. O-O d5 6. Nxd4 e5 7.
Nb3 Be6 8. Bg5 Nbd7 9. f4 exf4 10. gxf4 h6 11. Bh4 g5 12. Bg3 gxf4 13. Bxf4 Rg8 14. Kh1 Nh5 15. Nc3 Nxf4 16. Rxf4 Rxg2 17. Nd4 Rg6 18.
Nxe6 fxe6 19. Nxd5 exd5 20. Qxd5 Qg5 21. Rf5 Qg4 22.
Rd1 O-O-O 23. Rf7 Rd6 0-1

[Event "Early-Titled-Tuesday-Blitz-February-27-2024"]
[Site "Chess.com"]
[Date "2024.02.27"]
[Round "8"]
[White "Supergiuly"]
[Black "chessamical"]
[Result "1-0"]
[WhiteElo "2328"]
[BlackElo "2151"]
[TimeControl "180+1"]
[EndTime "9:26:38 PST"]
[Termination "Supergiuly won on time"]

1. g3 d5 2. Nf3 Nc6 3. Bg2 e5 4. d3 Nf6 5. O-O Be6 6. b3 Qd7 7. Bb2 Bd6 8. c4 d4 9. e3 dxe3 10. fxe3 O-O-O 11. Nc3 Bc5 12. d4 exd4 13. exd4 Nxd4 14.
Kh1 Ng4 15. Ne4 Ne3 16. Nxc5 Nxd1 17. Nxd7 Nxb2 18. Nxd4 Rxd7 19. Nxe6 fxe6 20. Bh3 Re8 21. Rae1 Rde7 22. Rf3 b6 23. Rb1 1-0

[Event "Early-Titled-Tuesday-Blitz-February-27-2024"]
[Site "Chess.com"]
[Date "2024.02.27"]
[Round "8"]
[White "aljado"]
[Black "tylityli"]
[Result "0-1"]
[WhiteElo "2046"]
[BlackElo "2289"]
[TimeControl "180+1"]
[EndTime "9:26:39 PST"]
[Termination "tylityli won by resignation"]

1. e4 e5 2. Nf3 Nc6 3. Bb5 a6 4. Ba4 Nf6 5. O-O Be7 6. Re1 b5 7. Bb3 d6 8. c3 O-O 9. h3 Nd7 10. d4 Bf6 11. Be3 Na5 12. Bc2 Nc4 13. b4 Nxe3 14.
Rxe3 c5 15. bxc5 dxc5 16. d5 c4 17. a4 Bb7 18. axb5 axb5 19. Nbd2 Nc5 20. Nh2 Be7 21. Ng4 Bd6 22. Rg3 Kh8 23. Nf3 Rxa1 24. Qxa1 f6 25. Nh4 Bc8 26. Qa7 Qc7 27. Qxc7 Bxc7 28. Ne3 g6 29. Rf3 Bd6 30. Ng4 Kg7 31. Re3 Bd7 32.
Re1 Ra8 33. Ne3 Ra3 34. Nd1 Ra2 35. Bb1 Ra1 36. Bc2 Nd3 37. Bxd3 cxd3 38. Nf3 b4 39. cxb4 Bxb4 40. Rf1 d2 41. Ne3 Re1 42. Nc2 Rxf1+ 0-1

[Event "Early-Titled-Tuesday-Blitz-February-27-2024"]
[Site "Chess.com"]
[Date "2024.02.27"]
[Round "8"]
[White "DefiantChair"]
[Black "Balla_Tamas"]
[Result "1-0"]
[WhiteElo "2613"]
[BlackElo "2425"]
[TimeControl "180+1"]
[EndTime "9:26:41 PST"]
[Termination "DefiantChair won by resignation"]

1. c4 c5 2. Nc3 Nc6 3. g3 g6 4. Bg2 Bg7 5. Nf3 e6 6. O-O Nge7 7. e4 O-O 8. d3 d6 9. Bg5 h6 10. Bd2 b6 11. Ne1 Bb7 12. Nc2 Kh7 13. a3 Qd7 14. Rb1 a5 15. f4 f5 16. Kh1 e5 17. Nd5 Nxd5 18. cxd5 Nd4 19. Ne3 exf4 20. gxf4 Rae8 21. Nc4 fxe4 22. dxe4 Qd8 23. Qg4 Bc8 24. Qg3 Nb3 25. Qxb3 Qh4 26. Qg3 Qe7 27. Nxb6 Ba6 28. Rfc1 Rb8 29. Nc4 a4 30. Bc3 Rb3 31. Na5 Rb7 32.
Nxb7 1-0

[Event "Early-Titled-Tuesday-Blitz-February-27-2024"]
[Site "Chess.com"]
[Date "2024.02.27"]
[Round "8"]
[White "FredddieCroderg"]
[Black "Canal_Showdrez"]
[Result "1-0"]
[WhiteElo "2293"]
[BlackElo "2002"]
[TimeControl "180+1"]
[EndTime "9:26:43 PST"]
[Termination "FredddieCroderg won by checkmate"]

1. e4 c5 2. Bc4 e6 3. Qf3 Nc6 4. d3 Ne5 5. Qg3 Nxc4 6. dxc4 g6 7. Nc3 Bg7 8. Nb5 e5 9. Be3 Qb6 10.
O-O-O Ne7 11. Nd6+ Kf8 12. Nf3 f6 13. Nxe5 fxe5 14.
Qf3+ Nf5 15. exf5 e4 16. Qxe4 Bxb2+ 17. Kd2 Qxd6+ 18. Ke2 Qe7 19. Qd3 Bd4 20. c3 Bxe3 21.
fxe3 g5 22. f6 Qe6 23. Rhf1 Kf7 24. Rf3 a5 25. Rf5 h6 26. Rxc5 Ra6 27. Rd5 Qg4+ 28. Kf2 Rxf6+ 29. Kg1 Re8 30. Qh7+ Ke6 31. Rd6+ Ke5 32. R1d5# 1-0

[Event "Early-Titled-Tuesday-Blitz-February-27-2024"]
[Site "Chess.com"]
[Date "2024.02.27"]
[Round "8"]
[White "mary-sanna"]
[Black "falzehope0"]
[Result "0-1"]
[WhiteElo "2175"]
[BlackElo "2347"]
[TimeControl "180+1"]
[EndTime "9:26:44 PST"]
[Termination "falzehope0 won by resignation"]

1. d4 e6 2. c4 d5 3. Nf3 c6 4. g3 Bd6 5. Bg2 f5 6. O-O Nf6 7. Bf4 Bxf4 8. gxf4 O-O 9. Nbd2 Nbd7 10. c5 b6 11. b4 Ba6 12. Re1 Bc4 13. Nxc4 dxc4 14. Ne5 Nxe5 15. dxe5 Nd5 16. e3 b5 17. a4 a6 18. Qc2 Nxb4 19. Qb1 Nd5 20. Rd1 g5 21. axb5 axb5 22. Rxa8 Qxa8 23. Bxd5 exd5 24. fxg5 Qa4 25. e6 c3 26. Rc1 Qg4+ 27. Kf1 b4 28. f4 Qf3+ 29.
Kg1 Qxe3+ 30. Kg2 Qxf4 31. e7 Re8 32. Re1 Qxg5+ 33. Kh1 Qf4 34. Qc2 Qf3+ 35. Kg1 Kf7 36. Qg2 Qxg2+ 37. Kxg2 c2 38. Rc1 b3 39. Kf3 b2 0-1

[Event "Early-Titled-Tuesday-Blitz-February-27-2024"]
[Site "Chess.com"]
[Date "2024.02.27"]
[Round "8"]
[White "Mikasinski"]
[Black "Licancabur"]
[Result "0-1"]
[WhiteElo "2633"]
[BlackElo "2498"]
[TimeControl "180+1"]
[EndTime "9:26:46 PST"]
[Termination "Licancabur won by resignation"]

1. e4 Nf6 2. e5 Nd5 3. c4 Nb6 4.
d4 d6 5. exd6 cxd6 6. Nc3 g6 7. Be3 Bg7 8. Rc1 O-O 9. b3 Nc6 10.
d5 Ne5 11. Be2 e6 12. f4 Ned7 13. dxe6 Nf6 14. exf7+ Rxf7 15. c5 Qe8 16. Qd2 dxc5 17. Bxc5 Bg4 18. Qe3 Qc6 19. Nf3 Nfd5 20. Nxd5 Nxd5 21.
Qf2 Nxf4 22. Bc4 Nxg2+ 23. Qxg2 Re8+ 24. Kd2 Bh6+ 25. Kc2 Bxf3 26. Bxf7+ Kxf7 27. Rhf1 Qxc5+ 28. Kb1 Qf5+ 29. Qc2 Be4 30. Rxf5+ gxf5 0-1

[Event "Early-Titled-Tuesday-Blitz-February-27-2024"]
[Site "Chess.com"]
[Date "2024.02.27"]
[Round "8"]
[White "Ariadna_Atreides"]
[Black "deepfear"]
[Result "1-0"]
[WhiteElo "2191"]
[BlackElo "1973"]
[TimeControl "180+1"]
[EndTime "9:26:46 PST"]
[Termination "Ariadna_Atreides won by resignation"]

1. d4 Nf6 2. Nf3 g6 3. c4 Bg7 4.
Nc3 d6 5. e4 O-O 6. h3 Nc6 7. Be3 e5 8. d5 Ne7 9. Bd3 Ne8 10. g4 f5 11. gxf5 gxf5 12. Rg1 f4 13.
Bd2 Ng6 14. Ng5 Qe7 15. Nxh7 Kxh7 16. Qh5+ Kg8 17. Qxg6 Bxh3 18. O-O-O Qf6 19. Qh5 Bd7 20. Rg6 Qe7 21. Rh1 Nf6 22. Qh8+ Kf7 23. Rxg7+ Ke8 24. Rxe7+ Kxe7 25. Qg7+ Rf7 26. Qh6 Rh7 27. Qxh7+ Nxh7 28.
Rxh7+ Kf6 29. Rxd7 Rg8 30. Rxc7 Rg1+ 31. Kc2 Rg2 32. Be1 Rg1 33. Kd2 1-0

[Event "Early-Titled-Tuesday-Blitz-February-27-2024"]
[Site "Chess.com"]
[Date "2024.02.27"]
[Round "8"]
[White "Manukyan_Artak"]
[Black "aRk_iN"]
[Result "1-0"]
[WhiteElo "2476"]
[BlackElo "2248"]
[TimeControl "180+1"]
[EndTime "9:26:48 PST"]
[Termination "Manukyan_Artak won on time"]

1. e4 e5 2. Nf3 Nc6 3. d4 exd4 4. Nxd4 Nf6 5. Nxc6 bxc6 6. e5 Qe7 7. Qe2 Nd5 8.
c4 Ba6 9. b3 g6 10. g3 Bg7 11.
Bb2 O-O 12. Bg2 Rae8 13. O-O d6 14. Qd2 Bxe5 15. Re1 Qf6 16. Rxe5 dxe5 17. cxd5 cxd5 18. Nc3 d4 19. Ne4 Qe7 20. a4 f5 21. Ba3 Qf7 22. Ng5 Qxb3 23. Bxf8 Rxf8 24. Qa2 Qxa2 25. Rxa2 c5 26.
Bd5+ Kh8 27. Rc2 Rc8 28. Nf3 e4 29. Nd2 Kg7 30. Bc4 Bb7 31. Nb3 Kf6 32. Kf1 Ke5 33.
Ke1 1-0

[Event "Early-Titled-Tuesday-Blitz-February-27-2024"]
[Site "Chess.com"]
[Date "2024.02.27"]
[Round "8"]
[White "banhgiahuy2606"]
[Black "db-banana"]
[Result "1-0"]
[WhiteElo "2657"]
[BlackElo "2496"]
[TimeControl "180+1"]
[EndTime "9:26:51 PST"]
[Termination "banhgiahuy2606 won by resignation"]

1. e4 Nf6 2. e5 Nd5 3. d4 d6 4. Nf3 g6 5. c4 Nb6 6. Nc3 Bg7 7. exd6 cxd6 8. Be2 O-O 9. h3 Nc6 10. O-O e5 11.
Be3 f5 12. dxe5 dxe5 13. c5 Qxd1 14. Rfxd1 Nd7 15. Ng5 Nd8 16. Nd5 Bf6 17. Nxf6+ Nxf6 18. f4 Nc6 19. fxe5 Nxe5 20. Bd4 Nc6 21. Bc4+ Kg7 22.
Bc3 h6 23. Ne6+ Bxe6 24. Bxe6 Rad8 25. b4 a6 26. a4 Rde8 27. Rd7+ Re7 28. Rad1 Re8 29.
Rxe7+ Rxe7 30. Rd6 g5 31. b5 axb5 32. axb5 Nd8 33.
Bxf5 Rc7 34. Bxf6+ 1-0

[Event "Early-Titled-Tuesday-Blitz-February-27-2024"]
[Site "Chess.com"]
[Date "2024.02.27"]
[Round "8"]
[White "DeArron_Fox"]
[Black "UK_23"]
[Result "0-1"]
[WhiteElo "2506"]
[BlackElo "2373"]
[TimeControl "180+1"]
[EndTime "9:26:51 PST"]
[Termination "UK_23 won on time"]

1. d4 d5 2. c4 e6 3. Nc3 Nf6 4. cxd5 exd5 5. Bg5 Be7 6. e3 O-O 7. Bd3 Re8 8. Qc2 h6 9. Bh4 c5 10. Nge2 Nc6 11. O-O Nb4 12. Qb1 c4 13. Bf5 Bxf5 14. Qxf5 Rc8 15. Bxf6 Bxf6 16. Nf4 g6 17. Qh3 Bg5 18. Qf3 Bxf4 19. Qxf4 Nd3 20. Qxh6 Nxb2 21. Rab1 Qa5 22. Rxb2 Qxc3 23. Rxb7 Qd2 24. h4 c3 25. h5 Re6 26. Qf4 Rf8 27. h6 c2 28. h7+ Kxh7 29. Rxf7+ Rxf7 30. Qxf7+ Kh6 31. Qxe6 c1=Q 32. Rxc1 Qxc1+ 33.
Kh2 Qc4 34. Qh3+ Kg7 35. Qd7+ Kh6 36. Qxa7 Qe2 37. Kg3 Qh5 38. Qe7 Qf5 39. Qh4+ Kg7 40. Qe7+ Kh6 41. a4 Qc8 42. a5 Qb8+ 43. Qe5 Qa8 44.
Qf4+ Kg7 45. Qc7+ Kh6 46. Qb6 Kg5 47. a6 Qh8 48. Kf3 Qh5+ 49. Kg3 Qh4+ 0-1

[Event "Early-Titled-Tuesday-Blitz-February-27-2024"]
[Site "Chess.com"]
[Date "2024.02.27"]
[Round "8"]
[White "Doublekk14"]
[Black "joksijoksi"]
[Result "1/2-1/2"]
[WhiteElo "2313"]
[BlackElo "2486"]
[TimeControl "180+1"]
[EndTime "9:26:51 PST"]
[Termination "Game drawn - insufficient material"]

1. c4 g6 2. Nc3 Bg7 3. Nf3 d6 4. e3 Nd7 5. Be2 e5 6. d4 Ne7 7. O-O O-O 8. dxe5 dxe5 9. e4 c6 10. b3 Re8 11. Qd6 Nf8 12. Ba3 Bg4 13. Qxd8 Raxd8 14. Rad1 Rxd1 15. Rxd1 Ne6 16. Ne1 Bxe2 17. Nxe2 Nd4 18.
Nxd4 exd4 19. Bxe7 Rxe7 20. f3 c5 21. Nd3 b6 22.
Kf2 f5 23. exf5 gxf5 24. Re1 Kf7 25. Rxe7+ Kxe7 26. f4 Kd6 27. g3 a6 28. a4 Kc6 29.
Ne1 b5 30. axb5+ axb5 31. Ke2 Kb6 32. Kd3 Ka5 33. Nc2 Bf8 34. cxb5 Kxb5 35. Nxd4+ cxd4 36. Kxd4 Bg7+ 37. Kd5 Kb4 38. Ke6 Kxb3 39. Kxf5 Kc4 40. g4 Kd5 41. h4 Kd6 42. g5 Ke7 43. h5 Kd6 44. h6 Bc3 45. g6 hxg6+ 46. Kxg6 Ke7 47.
f5 Bf6 48. h7 Bd4 49. h8=Q Bxh8 50. f6+ Bxf6 1/2-1/2